 Dungeon Crawl Stone Soup version 0.19.1 (webtiles) character file.

723 markt42 the Cudgeler (level 7, 0/43 HPs)
             Began as a Gargoyle Fighter on Dec 23, 2016.
             Slain by markt42's ghost (2 damage)
             ... on level 4 of the Dungeon.
             The game lasted 00:05:16 (4069 turns).

markt42 the Cudgeler (Gargoyle Fighter)             Turns: 4069, Time: 00:05:17

Health: 0/43       AC: 16    Str: 22    XL:     7   Next: 71%
Magic:  7/7        EV:  4    Int: 10    God:
Gold:   194        SH:  9    Dex:  7    Spells: 0 memorised, 6 levels left

rFire  + . .     SeeInvis .     a - +0 flail
rCold  + . .     Gourm    .     i - +0 plate armour
rNeg   + . .     Faith    .     c - +0 shield
rPois  ∞         Spirit   .     (helmet restricted)
rElec  +         Reflect  .     (no cloak)
rCorr  +         Harm     .     (no gloves)
MR     .....                    (no boots)
Stlth  ..........               (no amulet)
                                (no ring)
                                (no ring)

@: resistant
A: horns 1, clever 1, clumsy 1, negative energy resistance 1, electricity
resistance, unbreathing, petrification resistance, rot immunity, AC +4
a: no special abilities


You were on level 4 of the Dungeon.
You were not hungry.

You visited 1 branch of the dungeon, and saw 4 of its levels.
You also visited: Sewer.

You collected 194 gold pieces.

Inventory:

Hand Weapons
 a - a +0 flail (weapon)
Armour
 c - a +0 shield (worn)
 i - a +0 plate armour (worn)
Jewellery
 w - an uncursed ring of protection from magic {unknown}
Scrolls
 j - 3 scrolls of magic mapping {unknown}
 k - 2 scrolls of remove curse {unknown}
 n - a scroll of immolation {unknown}
 o - 6 scrolls of identify {unknown}
 p - 2 scrolls of amnesia {unknown}
 r - 5 scrolls of teleportation {unknown}
 v - a scroll of recharging {unknown}
Potions
 b - a potion of agility {unknown}
 d - a potion of flight {unknown}
 e - a potion of resistance
 g - a potion of mutation
 h - a potion of magic {unknown}
 q - 2 potions of degeneration {unknown}
 t - 3 potions of curing {unknown}
Comestibles
 f - 4 bread rations
 l - a beef jerky
 s - 3 meat rations
 u - a royal jelly


   Skills:
 + Level 4.2 Fighting
 * Level 6.4 Maces & Flails
 + Level 4.6 Armour
 + Level 1.0 Dodging
 + Level 5.0 Shields


You had 6 spell levels left.
You didn't know any spells.

Dungeon Overview and Level Annotations

Branches:
Dungeon (4/15)
 Temple: D:4-7

Altars:
Ashenzari
Cheibriados
Fedhas
Hepliaklqana
Kikubaaqudgha
Uskayaw
Xom

Annotations:
D:4 markt42's ghost, novice GrFi


Innate Abilities, Weirdness & Mutations

You are resistant to torment.
Your stone body is resilient. (AC +4)
You are immune to poison.
You resist negative energy. (rN+)
You are resistant to electric shocks. (rElec)
You can survive without breathing.
You are immune to petrification.
You are immune to rotting.
You have a pair of small horns on your head.
Your mind is acute. (Int +2)
You are clumsy. (Dex -2)


Message History

Markt42's ghost crushes a nearby insect and laughs.
Markt42's ghost hits you!
You hit markt42's ghost.
Markt42's ghost is severely damaged.
You block markt42's ghost's attack.
You thump markt42's ghost!
You headbutt markt42's ghost, but do no damage.
Markt42's ghost is almost destroyed.
Markt42's ghost hits you but does no damage.
You hit markt42's ghost but do no damage.
You headbutt markt42's ghost, but do no damage.
Markt42's ghost is almost destroyed.
Markt42's ghost hits you! Markt42's ghost hits you.
Markt42's ghost freezes you.
You closely miss markt42's ghost.
Markt42's ghost is almost destroyed.
Markt42's ghost hits you!
* * * LOW HITPOINT WARNING * * *
Markt42's ghost freezes you.
You die...

##.....##...........#.#
#8...8##.....#.....#.#
#...........#
#.#.#.#.... #..........
#.#.#.#.#.# #.#.###.#
#.#.# . #@# . #W# ...
.#.## #.#.# . #.# ##
#.# #.#


You could see markt42's ghost.

Vanquished Creatures
  The ghost of Tiuover the Chopper, an amateur FoFi of the Shining One (D:3)
  A scorpion (D:4)
  2 vampire bats (D:2)
  An iguana (D:4)
  Ijyb (D:2)
  Natasha (thrice) (D:2)
  2 orc wizards (D:3)
  A worker ant (D:3)
  3 gnolls (D:3)
  5 adders
  2 worms (D:2)
  2 dart slugs
  2 leopard geckos
  7 orcs (D:3)
  9 bats
  4 bat skeletons (D:2)
  2 bat zombies (D:2)
  4 giant cockroaches
  2 goblins
  11 hobgoblins
  8 jackals
  A quokka (D:3)
  8 ball pythons
  15 frilled lizards
  14 kobolds
  A quokka skeleton (D:4)
  8 rats
120 creatures vanquished.

Notes
Turn   | Place    | Note
-------+----------+-------------------------------------------
     0 | D:1      | markt42 the Gargoyle Fighter began the quest for the Orb.
     0 | D:1      | Reached XP level 1. HP: 14/14 MP: 1/1
   335 | D:1      | Reached XP level 2. HP: 19/19 MP: 2/2
   754 | D:1      | Reached XP level 3. HP: 23/23 MP: 3/3
  1313 | D:2      | Noticed Ijyb
  1327 | D:2      | Killed Ijyb
  1327 | D:2      | Reached skill level 3 in Maces & Flails
  1327 | D:2      | Reached skill level 1 in Dodging
  1327 | D:2      | Reached XP level 4. HP: 20/28 MP: 4/4
  1704 | D:2      | Noticed Natasha
  1716 | D:2      | Killed Natasha
  1716 | D:2      | Reached XP level 5. HP: 20/32 MP: 5/5
  2042 | D:2      | Found an ancient bone altar of Kikubaaqudgha.
  2049 | D:2      | Reached skill level 4 in Maces & Flails
  2083 | D:2      | Reached XP level 6. HP: 38/38 MP: 6/6
  2159 | D:2      | Noticed Natasha
  2174 | D:2      | Killed Natasha
  2261 | D:2      | Noticed Natasha
  2273 | D:2      | Killed Natasha
  2402 | D:3      | Noticed Tiuover's ghost (amateur FoFi)
  2409 | D:3      | Killed Tiuover's ghost
  2409 | D:3      | Reached skill level 5 in Maces & Flails
  2409 | D:3      | Reached XP level 7. HP: 32/42 MP: 7/7
  2768 | D:3      | Reached skill level 6 in Maces & Flails
  2951 | D:3      | Found a glowing drain.
  2958 | Sewer    | Entered a sewer
  3027 | Sewer    | Reached skill level 5 in Shields
  3739 | D:3      | Found a shimmering altar of Xom.
  3745 | D:3      | Found a shimmering altar of Xom.
  3745 | D:3      | Found a hide-covered altar of Uskayaw.
  3747 | D:3      | Found a snail-covered altar of Cheibriados.
  3747 | D:3      | Found a blossoming altar of Fedhas.
  3747 | D:3      | Found a hazy altar of Hepliaklqana.
  4026 | D:4      | Found a shattered altar of Ashenzari.
  4044 | D:4      | Noticed markt42's ghost (novice GrFi)
  4053 | D:4      | Gained mutation: Your mind is acute. (Int +2) [potion of mutation]
  4053 | D:4      | Gained mutation: You have a pair of small horns on your head. [potion of mutation]
  4053 | D:4      | Gained mutation: You are clumsy. (Dex -2) [potion of mutation]
  4069 | D:4      | HP: 2/43 [markt42's ghost (14)]
  4069 | D:4      | Slain by markt42's ghost

Skill      XL: |  1  2  3  4  5  6  7 |
---------------+----------------------+-----
Maces & Flails | 3 4 5 6 |  6.4
Dodging        | 1 |  1.0
Shields        | 4 5 |  5.0
Armour         | 4 |  4.6
Fighting       | 4 |  4.2

Action                   |  1- 3 |  4- 6 |  7- 9 || total
-------------------------+-------+-------+-------++-------
Melee: Flail             |   182 |   135 |   263 ||   580
       Headbutt          |       |       |     6 ||     6
  Use: Potion            |       |     1 |     4 ||     5
  Eat: Chunk             |     2 |     3 |     3 ||     8
       Bread ration      |       |       |     1 ||     1
Armor: Scale mail        |    56 |       |       ||    56
       Plate armour      |   113 |   115 |   194 ||   422
Dodge: Dodged            |    62 |    22 |    47 ||   131
Block: Shield            |   122 |    82 |   131 ||   335
